 Dungeon Crawl Stone Soup version 0.21.0-3-g78d12a8 (webtiles) character file.

6211 MTVSty1e the Carver (level 11, -1/81 HPs)
             Began as a Human Fighter on Jan 9, 2018.
             Was a Priest of Okawaru.
             Slain by a raiju (6 damage)
             ... on level 3 of the Abyss.
             The game lasted 00:23:01 (10632 turns).

MTVSty1e the Carver (Human Fighter)                Turns: 10632, Time: 00:23:02

Health: -1/81      AC: 17    Str: 20    XL:     11   Next: 14%
Magic:  14/14      EV:  3    Int:  9    God:    Okawaru [***...]
Gold:   381        SH:  9    Dex: 12    Spells: 10/10 levels left

rFire    . . .     SeeInvis .   a - +1 long sword
rCold    . . .     Gourm    .   c - +0 shield
rNeg     . . .     Faith    .   p - +0 plate armour
rPois    +         Spirit   .   n - +1 helmet
rElec    .         Reflect  .   w - +0 cloak
rCorr    .         Harm     .   k - +0 pair of gloves
MR       .....                  (no boots)
Stlth    ..........             (no amulet)
HPRegen  0.23/turn              m - ring of poison resistance
MPRegen  0.14/turn              x - ring of wizardry

@: about to teleport
A: no striking features
a: Heroism, Renounce Religion


You were on level 3 of the Abyss.
You worshipped Okawaru.
Okawaru was most pleased with you.
You were not hungry.

You visited 2 branches of the dungeon, and saw 10 of its levels.
You visited the Abyss 1 time.
You also visited: Ossuary.

You collected 381 gold pieces.

Inventory:

Hand Weapons
 a - a +1 long sword (weapon)
 d - a +0 falchion
Armour
 b - a +0 scale mail
 c - a +0 shield (worn)
 h - a +0 troll leather armour
 k - a +0 pair of gloves (worn)
 n - a +1 helmet (worn)
 p - a +0 plate armour (worn)
 w - a +0 cloak (worn)
Jewellery
 m - a ring of poison resistance (left hand)
 s - an uncursed amulet of regeneration
 t - the amulet of Byrosso {Harm *Drain rF+ Str+5}
   (You found it on level 6 of the Dungeon)

   [amulet of harm]

   It increases damage dealt and taken.
   It affects your strength (+5).
   It protects you from fire.
   It causes draining when unequipped.
 x - a ring of wizardry (right hand)
Wands
 g - a wand of iceblast (7)
 E - a wand of digging (13)
 F - a wand of paralysis (12)
Scrolls
 l - a scroll of amnesia
 o - 2 scrolls of remove curse
 q - 2 scrolls of enchant weapon
 r - 2 scrolls of teleportation
 u - a scroll of enchant armour
 G - a scroll of blinking
Potions
 e - a potion of flight
 i - 4 potions of lignification
 j - 2 potions of curing
 z - a potion of magic
 A - a potion of cancellation
 B - a potion of mutation
 C - 2 potions of haste
Comestibles
 f - 3 rations


   Skills:
 + Level 6.2 Fighting
 * Level 13.1 Long Blades
 + Level 6.2 Armour
 - Level 3.0 Shields
 + Level 4.7 Invocations


You had 10 spell levels left.
You didn't know any spells.

Dungeon Overview and Level Annotations

Branches:
Dungeon (9/15)             Temple (1/1) D:4
   Lair: D:8-11         Orc: D:9-12

Altars:
Ashenzari
Cheibriados
Dithmenos
Elyvilon
Fedhas
Gozag
Hepliaklqana
Kikubaaqudgha
Nemelex Xobeh
Okawaru
Qazlal
Ru
Trog
Vehumet
Xom
Yredelemnul
Zin
The Shining One

Annotations:
D:9 Erolcha


Message History

You feel the power of the Abyss delaying your translocation!
The raiju moves out of view.
The raiju bursts into living lightning!
The living lightning hits you!
The raiju blinks!
Found a corrupted altar of Lugonu.
The raiju bursts into living lightning!
The living lightning hits you!
* * * LOW HITPOINT WARNING * * *
The raiju blinks!
The raiju bursts into living lightning!
The living lightning hits you!
* * * LOW HITPOINT WARNING * * *
The raiju blinks!
Okay, then.
You feel better.
The raiju bursts into living lightning!
The living lightning hits you!
* * * LOW HITPOINT WARNING * * *
The raiju blinks!
The raiju bites you.
You die...

.#...#..h#..#
#......##.#.#
##.......#..# #
......h##§..###.#
..........§.#.._.
##.#...#.##...#.
##........###..
#.....#.....#...
.... h#§.@....h...
.......##.h..#.#.#
.##...# .h.......
#..#. ......#.#.
#.## #.####.# # #.
#. .# #. ## #


You could see 4 raiju.

Vanquished Creatures
  2 two-headed ogres (D:8)
  A smoke demon (Abyss:2)
  A troll (D:8)
  A wraith (D:7)
  Eustachio (D:4)
  Edmund (D:4)
  Menkaure (D:6)
  2 sky beasts (D:6)
  2 orc warriors (D:6)
  An ice beast (D:8)
  3 necrophages
  3 ogres
  A phantom (D:4)
  3 centaurs
  2 big kobolds
  5 bullfrogs
  6 killer bees (D:8)
  2 wights (D:7)
  The ghost of dscm the Grave Robber, a weakling DsNe (D:4)
  4 howler monkeys
  5 crimson imps
  3 centaur zombies (Ossuary)
  An orc priest (D:7)
  6 hounds
  3 human zombies
  3 human skeletons (D:7)
  A quasit (D:8)
  3 bullfrog skeletons
  7 orc wizards
  Natasha (thrice) (D:4)
  2 iguanas
  5 worker ants
  A big kobold zombie (Ossuary)
  A hound skeleton (D:4)
  6 mummies
  3 gnolls (D:4)
  9 adders
  A shadow imp (D:5)
  An adder zombie (D:5)
  An adder skeleton (D:5)
  A worm (D:2)
  5 leopard geckos
  19 orcs
  7 giant cockroaches
  A gnoll zombie (Ossuary)
  9 goblins
  11 hobgoblins
  14 jackals
  A quokka (D:5)
  5 ball pythons
  8 bats
  5 frilled lizards
  2 goblin zombies (Ossuary)
  A jackal skeleton (D:4)
  A jackal zombie (D:6)
  7 kobolds
  An orc zombie (D:7)
  8 rats
214 creatures vanquished.

Notes
Turn   | Place    | Note
-------+----------+-------------------------------------------
     0 | D:1      | MTVSty1e the Human Fighter began the quest for the Orb.
     0 | D:1      | Reached XP level 1. HP: 18/18 MP: 1/1
   111 | D:1      | Reached XP level 2. HP: 17/24 MP: 2/2
   205 | D:1      | Reached skill level 3 in Long Blades
   512 | D:1      | Reached XP level 3. HP: 25/29 MP: 3/3
   972 | D:2      | Found a sparkling altar of Nemelex Xobeh.
  1217 | D:2      | Reached skill level 4 in Long Blades
  1217 | D:2      | Reached XP level 4. HP: 31/35 MP: 4/4
  1787 | D:3      | You fall through a shaft!
  1909 | D:3      | Reached XP level 5. HP: 38/41 MP: 5/5
  2195 | D:3      | Reached skill level 5 in Long Blades
  2275 | D:4      | Noticed Eustachio
  2281 | D:4      | Killed Eustachio
  2281 | D:4      | Reached skill level 6 in Long Blades
  2281 | D:4      | Reached XP level 6. HP: 47/47 MP: 6/6
  2342 | D:4      | Noticed Edmund
  2342 | D:4      | Noticed dscm's ghost (weakling DsNe)
  2603 | D:4      | Noticed a phantom
  2615 | D:4      | Killed a phantom
  2615 | D:4      | Reached skill level 7 in Long Blades
  2615 | D:4      | Reached XP level 7. HP: 49/52 MP: 7/7
  2621 | D:4      | Found a sacrificial altar of Ru.
  2725 | D:4      | Killed dscm's ghost
  3323 | D:4      | Noticed Natasha
  3344 | D:4      | Killed Natasha
  3558 | D:4      | Killed Edmund
  3558 | D:4      | Reached skill level 8 in Long Blades
  3577 | D:4      | Found a staircase to the Ecumenical Temple.
  3586 | Temple   | Entered the Ecumenical Temple
  3592 | Temple   | Became a worshipper of Warmaster Okawaru
  3600 | D:4      | Noticed Natasha
  3604 | D:4      | Killed Natasha
  3647 | D:4      | Noticed Natasha
  3655 | D:4      | Killed Natasha
  3655 | D:4      | Reached XP level 8. HP: 32/58 MP: 8/8
  3935 | D:5      | Entered Level 5 of the Dungeon
  4218 | D:5      | Reached skill level 9 in Long Blades
  5076 | D:5      | Reached skill level 10 in Long Blades
  5296 | D:6      | Reached * piety under Okawaru
  5302 | D:6      | Reached XP level 9. HP: 56/63 MP: 9/9
  5469 | D:6      | Noticed Menkaure
  5476 | D:6      | Killed Menkaure
  5476 | D:6      | Reached skill level 11 in Long Blades
  6030 | D:6      | Got a glittering pewter amulet
  6971 | D:6      | Reached ** piety under Okawaru
  7435 | D:7      | Found a shattered altar of Ashenzari.
  7792 | D:7      | Reached skill level 1 in Invocations
  7809 | D:7      | Reached XP level 10. HP: 71/73 MP: 10/10
  7844 | D:7      | Reached skill level 12 in Long Blades
  8090 | D:7      | Found a basalt altar of Yredelemnul.
  8140 | D:7      | Identified the amulet of Byrosso {Harm *Drain rF+ Str+5} (You found it on level 6 of the Dungeon)
  8370 | D:8      | Noticed a two-headed ogre
  8438 | D:8      | Found a sand-covered staircase.
  8468 | Ossuary  | Entered an ossuary
  8639 | Ossuary  | Reached skill level 5 in Fighting
  8894 | Ossuary  | Reached skill level 5 in Armour
  9145 | D:8      | Noticed a two-headed ogre
  9249 | D:8      | Killed a two-headed ogre
  9478 | D:8      | Killed a two-headed ogre
  9478 | D:8      | Reached *** piety under Okawaru
  9648 | D:8      | Reached XP level 11. HP: 52/81 MP: 14/14
  9739 | D:8      | Reached skill level 13 in Long Blades
 10392 | D:9      | Noticed Erolcha
 10402 | D:9      | Cast into level 1 of the Abyss (Erolcha)
 10473 | Abyss:2  | Noticed a thrashing horror
 10479 | Abyss:2  | Found a corrupted altar of Lugonu.
 10504 | Abyss:2  | Noticed a thrashing horror
 10509 | Abyss:2  | Noticed a thrashing horror
 10547 | Abyss:2  | Noticed a tentacled starspawn
 10586 | Abyss:2  | Found a shattered altar of Ashenzari.
 10587 | Abyss:2  | Noticed a large abomination
 10595 | Abyss:2  | Noticed a sun demon
 10629 | Abyss:3  | Found a corrupted altar of Lugonu.
 10631 | Abyss:3  | HP: 1/81 [raiju/living lightning (14)]
 10632 | Abyss:3  | Slain by a raiju

Skill      XL: |  1  2  3  4  5  6  7  8  9 10 11 |
---------------+----------------------------------+-----
Long Blades    | 3 4 6 7 8 10 11 12 13 | 13.1
Fighting       | 4 5 6 |  6.2
Armour         | 4 5 6 |  6.2
Invocations    | 1 4 |  4.7
Shields        | |  3.0

Action                   |  1- 3 |  4- 6 |  7- 9 | 10-12 || total
-------------------------+-------+-------+-------+-------++-------
Melee: Long sword        |   105 |   113 |   584 |   374 ||  1176
       Unarmed           |       |    17 |       |       ||    17
Invok: Heroism           |       |       |     4 |     8 ||    12
  Use: Potion            |     3 |     2 |     3 |     5 ||    13
       Scroll            |       |     1 |    12 |    12 ||    25
 Stab: Paralysed         |       |       |     1 |       ||     1
  Eat: Chunk             |     1 |     4 |     8 |     4 ||    17
       Ration            |       |     1 |     2 |     2 ||     5
Armor: Scale mail        |    51 |    58 |   127 |       ||   236
       Skin              |       |     3 |    16 |       ||    19
       Plate armour      |       |       |    97 |   160 ||   257
       Troll leather arm |       |       |       |     1 ||     1
Dodge: Dodged            |    40 |    53 |    84 |    66 ||   243
Block: Shield            |    62 |    67 |   226 |   167 ||   522
       Rpst.: Long sword |    15 |    13 |    27 |    15 ||    70
